 Dungeon Crawl Stone Soup version 0.21.1-1-g345015f (webtiles) character file.

188 wojtek the Chopper (level 5, 0/45 HPs)
             Began as a Minotaur Fighter on July 29, 2018.
             Slain by a worm (6 damage)
             ... on level 4 of the Dungeon.
             The game lasted 00:02:44 (2427 turns).

wojtek the Chopper (Minotaur Fighter)               Turns: 2427, Time: 00:02:45

Health: 0/45       AC:  6    Str: 22    XL:     5   Next: 39%
Magic:  4/4        EV:  7    Int:  5    God:
Gold:   141        SH:  9    Dex:  9    Spells: 4/4 levels left

rFire    . . .     SeeInvis .   a - +0 war axe
rCold    . . .     Gourm    .   c - +0 shield
rNeg     . . .     Faith    .   b - +0 scale mail
rPois    .         Spirit   .   (helmet restricted)
rElec    .         Reflect  .   (no cloak)
rCorr    .         Harm     .   (no gloves)
MR       .....                  (no boots)
Stlth    ..........             (no amulet)
HPRegen  0.15/turn              (no ring)
MPRegen  0.09/turn              (no ring)

@: no status effects
A: retaliatory headbutt, horns 2
a: no special abilities


You were on level 4 of the Dungeon.
You were not hungry.

You visited 1 branch of the dungeon, and saw 4 of its levels.

You collected 141 gold pieces.

Inventory:

Hand Weapons
 a - a +0 war axe (weapon)
Armour
 b - a +0 scale mail (worn)
 c - a +0 shield (worn)
 i - a +0 plate armour
Wands
 l - a wand of scattershot (8)
Scrolls
 e - 3 scrolls of remove curse {unknown}
 h - a scroll of enchant armour {unknown}
 j - a scroll of enchant weapon {unknown}
 n - a scroll of immolation {unknown}
 p - 4 scrolls of teleportation {unknown}
 q - a scroll of blinking {unknown}
Potions
 d - a potion of might
 k - a potion of haste {unknown}
 m - a potion of brilliance {unknown}
 o - a potion of curing {unknown}
 r - a potion of resistance {unknown}
 s - a potion of mutation {unknown}
 t - a potion of degeneration {unknown}
Comestibles
 f - 10 rations


   Skills:
 - Level 3.6 Fighting
 + Level 6.9 Axes
 - Level 3.6 Armour
 - Level 3.6 Shields


You had 4 spell levels left.
You didn't know any spells.

Dungeon Overview and Level Annotations

Branches:
Dungeon (4/15)
 Temple: D:4-7

Altars:
Elyvilon
Fedhas
Ru


Innate Abilities, Weirdness & Mutations

You reflexively headbutt those who attack you in melee.
You have a pair of horns on your head.


Message History

You hear the slow rusting of a distant drain.
Things that are here:
a dagger; a robe There isn't anything to butcher here.
You see here a dagger.
There isn't anything to butcher here.
Things that are here:
a mace; a leather armour There isn't anything to butcher here.
Things that are here:
a whip; a dagger; a robe There isn't anything to butcher here.
You start resting.
All of the chunks of flesh in your inventory have rotted away.
Things that are here:
a whip; a dagger; a robe You hit the worm.
The worm is lightly wounded.
The worm bites you.
You die...

### #.. #.# #.# #.# #.# ###
#.#######.# #..
.........@##### #.#
#.#######)w...#
####.###.#.........#.#
.....#.......###.#.#)#
.....#.......# #.#........w.
.....#.......# #.#..[.......
.............# #.#..........
.........#.#####.#..........
.........#.......#..........


You could see a worm.

Vanquished Creatures
  An orc priest (D:4)
  2 orc wizards (D:4)
  3 adders (D:3)
  3 worms
  A leopard gecko (D:1)
  3 orcs
  9 bats
  A giant cockroach (D:2)
  7 goblins
  5 hobgoblins
  9 jackals
  2 quokkas (D:3)
  2 frilled lizards (D:3)
  5 kobolds
  7 rats
60 creatures vanquished.

Notes
Turn   | Place    | Note
-------+----------+-------------------------------------------
     0 | D:1      | wojtek the Minotaur Fighter began the quest for the Orb.
     0 | D:1      | Reached XP level 1. HP: 19/19 MP: 0/0
   191 | D:1      | Reached skill level 3 in Axes
   341 | D:1      | Reached XP level 2. HP: 26/26 MP: 1/1
   910 | D:2      | Reached skill level 4 in Axes
  1051 | D:2      | Found a blossoming altar of Fedhas.
  1141 | D:2      | Reached XP level 3. HP: 31/31 MP: 2/2
  1689 | D:3      | Found a white marble altar of Elyvilon.
  1772 | D:3      | Found a sacrificial altar of Ru.
  1838 | D:3      | Reached skill level 5 in Axes
  2021 | D:3      | Reached XP level 4. HP: 39/39 MP: 3/3
  2394 | D:4      | Reached skill level 6 in Axes
  2401 | D:4      | Reached XP level 5. HP: 5/45 MP: 4/4
  2427 | D:4      | Slain by a worm

Skill      XL: |  1  2  3  4 |
---------------+-------------+-----
Axes           | 3 4 5 6 |  6.9
Fighting       | |  3.6
Armour         | |  3.6
Shields        | |  3.6

Action                   |  1- 3 |  4- 6 || total
-------------------------+-------+-------++-------
Melee: War axe           |   118 |    35 ||   153
       Headbutt          |    16 |     7 ||    23
  Eat: Chunk             |     4 |     1 ||     5
Armor: Scale mail        |    59 |     9 ||    68
Dodge: Dodged            |    33 |     7 ||    40
Block: Shield            |    75 |    15 ||    90
